 Dungeon Crawl Stone Soup version 0.28-a0-1033-g1a2f33fa85 (webtiles) character file.

Game seed: 14140402251748505752

58804 blank1 the Warrior (level 14, 0/138 HPs)
             Began as a Minotaur Fighter on Dec 8, 2021.
             Was the Champion of Okawaru.
             Slain by a hell knight (5 damage)
             ... in a volcano.
             The game lasted 00:39:26 (12810 turns).

blank1 the Warrior (Minotaur Fighter)              Turns: 12810, Time: 00:39:26

Health: 0/138      AC: 16    Str: 32    XL:     14   Next: 50%
Magic:  17/17      EV: 13    Int:  5    God:    Okawaru [******]
Gold:   955        SH: 15    Dex: 17    Spells: 13/13 levels left

rFire   + + +      SeeInvis .   L - +11 morningstar of Yxunal {freeze, rElec rPois rF+ Dex+2}
rCold   . . .      Faith    .   t - +3 kite shield {AC+3}
rNeg    + . .      Spirit   .   I - +0 plate armour
rPois   +          Reflect  .   b - +2 hat {Stlth+}
rElec   +          Harm     .   G - scarf {repulsion}
rCorr   .          Rampage  .   r - +0 pair of gloves of Xonkadumm {Str+5}
Will    ++++.                   Q - +0 pair of boots of Paranoia {rElec rF+ Will+++ Str-2}
Stlth   ..........              e - amulet of regeneration
HPRegen 1.13/turn               c - ring "Xaameuko" {rF+ rN+ Dex+2 Stlth+}
MPRegen 0.15/turn               q - +6 ring of strength

@: corroded, studying Maces & Flails, repel missiles
A: horns 2, retaliatory headbutt
a: Renounce Religion, Heroism, Finesse, Duel


You were in a volcano.
You worshipped Okawaru.
Okawaru was exalted by your worship.
You visited 3 branches of the dungeon, and saw 17 of its levels.
You also visited: Bailey, Gauntlet and Volcano.

You collected 1087 gold pieces.
You spent 132 gold pieces at shops.

Inventory:

Hand Weapons
 i - the +8 longbow "Zephyr" {speed, Dex+3 SInv}
   (You took it off a minotaur in a Gauntlet)

   Attacks with this weapon are significantly faster.
   Dex:       It affects your dexterity (+3).
   SInv:      It lets you see invisible.
 o - a +0 eveningstar of protection
 L - the +11 morningstar of Yxunal (weapon) {freeze, rElec rPois rF+ Dex+2}
   (Okawaru gifted it to you on level 11 of the Dungeon)

   It freezes those it strikes, dealing additional cold damage.
   It can also slow down cold-blooded creatures.
   Dex:       It affects your dexterity (+2).
   rF:        It protects you from fire.
   rElec:     It insulates you from electricity.
   rPois:     It protects you from poison.
Missiles
 D - 3 throwing nets (quivered)
Armour
 b - a +2 hat of stealth (worn)
 r - the +0 pair of gloves of Xonkadumm (worn) {Str+5}
   (You found it on level 4 of the Dungeon)

   Str:       It affects your strength (+5).
 t - a +3 kite shield of protection (worn)
 y - the +1 pair of gloves of Grace {+Blink Will++ MP+9}
   (You found it on level 11 of the Dungeon)

   MP:        It affects your magic capacity (+9).
   +Blink:    It lets you blink.
   Will:      It greatly increases your willpower.
 G - a scarf of repulsion (worn)
 I - a +0 plate armour (worn)
 Q - the +0 pair of boots of Paranoia (worn) {rElec rF+ Will+++ Str-2}
   (You found it in a Gauntlet)

   Str:       It affects your strength (-2).
   rF:        It protects you from fire.
   rElec:     It insulates you from electricity.
   Will:      It greatly increases your willpower.
Jewellery
 c - the ring "Xaameuko" (left hand) {rF+ rN+ Dex+2 Stlth+}
   (You bought it in a shop on level 4 of the Dungeon)

   [ring of positive energy]

   Dex:       It affects your dexterity (+2).
   rF:        It protects you from fire.
   rN:        It protects you from negative energy.
   Stlth:     It makes you more stealthy.
 e - an amulet of regeneration (around neck)
 p - a ring of poison resistance
 q - a +6 ring of strength (right hand)
 s - a ring of flight
 z - a ring of resist corrosion
 B - a ring of see invisible
Wands
 u - a wand of iceblast (9)
 w - a wand of digging (4)
 x - a wand of polymorph (7)
 H - a wand of paralysis (16)
 N - a wand of mindburst (5)
Scrolls
 f - 5 scrolls of enchant armour
 h - 2 scrolls of fear
 j - 6 scrolls of teleportation
 k - 3 scrolls of immolation
 v - 2 scrolls of vulnerability
 A - 2 scrolls of blinking
 F - 2 scrolls of enchant weapon
 J - a scroll of amnesia
 O - a scroll of fog
 P - a scroll of identify
Potions
 a - 3 potions of attraction
 d - 6 potions of might
 g - a potion of heal wounds
 l - 6 potions of lignification
 m - 3 potions of brilliance
 n - 8 potions of curing
 C - 2 potions of mutation
 E - 4 potions of cancellation
 K - a potion of haste {unknown}
 M - 2 potions of flight


   Skills:
 - Level 16.6 Fighting
 - Level 16.0 Maces & Flails
 - Level 14.0 Armour
 - Level 10.0 Dodging
 + Level 10.7 Shields
 - Level 6.0 Invocations


You had 13 spell levels left.
You didn't know any spells.
Your spell library contained the following spells:

 Spells                   Type           Power      Damage    Failure   Level
 Passwall                 Tmut/Erth      0%         N/A       100%        2
 Conjure Flame            Conj/Fire      0%         6-21      100%        3
 Ignite Poison            Fire/Tmut/Pois 0%         N/A       100%        3
 Inner Flame              Hex/Fire       0%         N/A       100%        3
 Mephitic Cloud           Conj/Pois/Air  0%         N/A       100%        3
 Swiftness                Air            0%         N/A       100%        3
 Cause Fear               Hex            0%         N/A       100%        4
 Ice Form                 Ice/Tmut       0%         N/A       100%        4
 Passage of Golubria      Tloc           0%         N/A       100%        4
 Petrify                  Tmut/Erth      0%         N/A       100%        4
 Sticky Flame             Conj/Fire      0%         2d3       100%        4
 Alistair's Intoxication  Tmut/Pois      0%         N/A       100%        5
 Borgnjor's Vile Clutch   Necr/Erth      0%         N/A       100%        5
 Yara's Violent Unravell  Hex/Tmut       0%         3d3       100%        5
 Dispersal                Tloc           0%         N/A       100%        6
 Eringya's Noxious Bog    Tmut/Pois      0%         N/A       100%        6
 Statue Form              Tmut/Erth      0%         N/A       100%        6
 Dragon Form              Tmut           0%         N/A       100%        7
 Discord                  Hex            0%         N/A       100%        8
 Disjunction              Tloc           0%         N/A       100%        8
 Tukima's Dance           Hex            Unusable   N/A       N/A         3
 Animate Dead             Necr           Unusable   N/A       N/A         4
 Death Channel            Necr           Unusable   N/A       N/A         6
 Dragon's Call            Summ           Unusable   N/A       N/A         9

Dungeon Overview and Level Annotations

Branches:
Dungeon (12/15)            Temple (1/1) D:4            Lair (4/6) D:11
 Shoals (0/4) Lair:2       Bailey (visited)         Volcano (1/1)
Gauntlet (visited)
  Snake: Lair:2-4    Spider: Lair:2-4       Orc: D:9-12

Altars:
Ashenzari
Nemelex Xobeh
Okawaru
Ru
Xom

Shops:
D:4 *   D:7 ?   D:10 [[


Innate Abilities, Weirdness & Mutations

You have a pair of horns on your head.
You reflexively headbutt those who attack you in melee.


Message History

Unknown command.
You closely miss the red ugly thing.
The red ugly thing is almost dead.
The red ugly thing claws you!
You are engulfed in flames.
You resist.
Your plate armour prevents you from hitting the red ugly thing.
You headbutt the red ugly thing, but do no damage.
The red ugly thing is almost dead.
The red ugly thing claws you but does no damage.
The smoke demon gestures at you. Something smites you!
* * * LOW HITPOINT WARNING * * *
You barely miss the red ugly thing.
Your headbutt misses the red ugly thing.
The red ugly thing is almost dead.
You block the red ugly thing's attack.
Unknown command.
You puncture the red ugly thing! You freeze the red ugly thing.
You kill the red ugly thing!
Okawaru accepts your kill.
Unknown command.
Unknown command.
You feel much better. You block something's attack.
You barely miss something. You headbutt something.
You hear some strange, mumbled words.
You miss something. Something hits you!!
* * * LOW HITPOINT WARNING * * *
You bludgeon something!! You freeze something. Something hits you!
* * * LOW HITPOINT WARNING * * *
Something burns you.
* * * LOW HITPOINT WARNING * * *
You closely miss something.
You hear some strange, mumbled words.
A bolt of fire appears from out of thin air!
The bolt of fire misses you.
You thump something! You freeze something. Something hits you!!
* * * LOW HITPOINT WARNING * * *
Something burns you.
* * * LOW HITPOINT WARNING * * *
Something hits you.
You die...

§≈§≈≈≈≈...## ########
≈§§≈≈≈§≈... ##[..[!)#
§≈§§≈≈≈≈.. #$...?_)∩
§≈§§≈≈≈.. #....[.).
≈≈≈≈≈≈.. #.)###
≈≈≈≈≈§.# ##3{@#####
≈≈§≈≈..### ####.○○○#
≈≈≈≈....8#####☼☼☼○####
§≈≈≈.......'.####.≈☼☼#
§≈≈.....8###.#≈≈≈.####
≈≈....#### #.####.≈≈≈#
......# #.#≈≈≈.####
#.##### #.####.≈≈≈#
### #.#☼☼≈.####


You could see a smoke demon.

Vanquished Creatures
  An orc warlord (Bailey)
  A minotaur (Gauntlet)
  Snorg (D:11)
  The ghost of sauken the Fencer, a journeyman PaCK of Xom (Lair:2)
  Fannar (D:11)
  6 hydras
  A centaur warrior (D:10)
  4 two-headed ogres
  Urug (D:10)
  The ghost of McGhostyFace the Thaumaturge, a novice GnWz of Ashenzari (D:7)
  A spectral death yak (Lair:2)
  2 spectral hydras (Lair:2)
  A wizard (Gauntlet)
  2 orc knights (Bailey)
  An oklob plant (D:11)
  An obsidian statue (Volcano)
  An ugly thing (Volcano)
  A cyclops (D:12)
  2 manticores
  3 elephants (Lair:3)
  2 merfolk sirens (Lair:2)
  2 black mambas
  Maggie (D:6)
  A torpor snail (Gauntlet)
  8 komodo dragons
  9 cane toads
  3 rime drakes (D:8)
  Psyche (D:10)
  A red devil (Volcano)
  2 merfolk (Lair:2)
  A polar bear (Lair:3)
  Grinder (D:6)
  2 trolls (D:10)
  21 blink frogs
  A raiju (Gauntlet)
  3 wraiths
  4 wyverns
  Grum (D:9)
  Eustachio (D:6)
  21 yaks
  2 vampire mosquitoes (D:12)
  3 steam dragons
  6 fire bats (Volcano)
  A spectral cane toad (Lair:2)
  Edmund (D:6)
  An acid dragon (D:11)
  A hydra simulacrum (Lair:2)
  Duvessa (D:4)
  8 water moccasins
  13 orc warriors
  An ice beast (D:5)
  2 sky beasts
  6 black bears
  2 necrophages
  2 ogres
  8 wolves
  4 centaurs
  A phantom (D:4)
  A kobold brigand (D:9)
  8 bullfrogs
  A gnoll sergeant (D:8)
  2 scorpions
  Dowan (D:4)
  4 killer bees (D:11)
  3 wights (D:8)
  A howler monkey (D:9)
  6 electric eels
  4 lava snakes (Volcano)
  2 hounds
  A komodo dragon simulacrum (Lair:2)
  8 orc priests
  A centaur zombie (D:9)
  2 gnoll shamans (D:7)
  A jelly (D:8)
  15 orc wizards
  A howler monkey zombie (D:8)
  12 adders
  11 gnolls
  A howler monkey skeleton (D:5)
  4 white imps
  An ufetubus (D:7)
  4 dart slugs
  52 orcs
  4 bats
  9 endoplasms
  2 giant cockroaches
  23 hobgoblins
  8 jackals
  4 quokkas
  8 ball pythons
  6 frilled lizards
  28 goblins
  10 kobolds
  4 rats
435 creatures vanquished.

Vanquished Creatures (others)
  Erolcha (D:11)
  A shadow (D:12)
  A bat (D:1)
  7 fungi
  13 plants
23 creatures vanquished.

Grand Total: 458 creatures vanquished

Notes
Turn   | Place    | Note
-------+----------+-------------------------------------------
     0 | D:1      | blank1 the Minotaur Fighter began the quest for the Orb.
     0 | D:1      | Reached XP level 1. HP: 19/19 MP: 0/0
   331 | D:1      | Reached XP level 2. HP: 27/27 MP: 1/1
   916 | D:2      | Reached skill level 1 in Dodging
   985 | D:2      | Reached XP level 3. HP: 33/33 MP: 2/2
  1196 | D:2      | Found a faded altar of an unknown god.
  1219 | D:2      | Reached XP level 4. HP: 41/41 MP: 3/3
  2094 | D:3      | Reached XP level 5. HP: 42/47 MP: 4/4
  2103 | D:3      | Reached skill level 5 in Fighting
  2119 | D:3      | Reached skill level 5 in Maces & Flails
  2669 | D:4      | Found a sparkling altar of Nemelex Xobeh.
  2746 | D:4      | Noticed a phantom
  2820 | D:4      | Found a staircase to the Ecumenical Temple.
  2829 | Temple   | Entered the Ecumenical Temple
  2835 | Temple   | Became a worshipper of Warmaster Okawaru
  2870 | D:4      | Noticed Duvessa
  2871 | D:4      | Noticed Dowan
  2888 | D:4      | Killed Duvessa
  2889 | D:4      | Reached XP level 6. HP: 39/56 MP: 5/5
  2894 | D:4      | Killed Dowan
  2969 | D:4      | Reached skill level 1 in Invocations
  2978 | D:4      | Identified the +0 pair of gloves of Xonkadumm {Str+5}
  3006 | D:4      | Found Dufy's Assorted Antiques.
  3154 | D:4      | Reached XP level 7. HP: 64/64 MP: 5/7
  3234 | D:4      | Reached * piety under Okawaru
  3333 | D:5      | Entered Level 5 of the Dungeon
  3388 | D:5      | Reached skill level 5 in Shields
  3416 | D:5      | Reached ** piety under Okawaru
  3459 | D:5      | Reached XP level 8. HP: 74/74 MP: 9/9
  3756 | D:5      | You fall into a shaft and drop 3 floors!
  3771 | D:8      | Reached skill level 5 in Armour
  3781 | D:8      | Reached *** piety under Okawaru
  3869 | D:8      | Noticed a rime drake
  3938 | D:7      | Found a runed translucent gate.
  3939 | D:7      | Found a runed translucent gate.
  4045 | D:7      | Noticed McGhostyFace's ghost (novice GnWz)
  4126 | D:7      | Found Jyfai's Magic Scroll Shoppe.
  4127 | D:7      | Found a runed translucent gate.
  4388 | D:6      | Noticed Grinder
  4399 | D:6      | Killed Grinder
  4400 | D:6      | Reached XP level 9. HP: 82/82 MP: 8/10
  4584 | D:5      | Reached **** piety under Okawaru
  4782 | D:6      | Noticed Maggie
  4784 | D:6      | Noticed Eustachio
  4792 | D:6      | Killed Maggie
  4800 | D:6      | Killed Eustachio
  4801 | D:6      | Reached skill level 10 in Fighting
  4801 | D:6      | Reached skill level 10 in Maces & Flails
  5003 | D:6      | Noticed Edmund
  5009 | D:6      | Killed Edmund
  5713 | D:8      | Found the +4 skin of Zhor {*Englaciate rC+++ SInv}
  5894 | D:8      | Reached XP level 10. HP: 66/93 MP: 11/11
  5975 | D:8      | Reached ***** piety under Okawaru
  6122 | D:9      | Identified a scroll of acquirement
  6122 | D:9      | Acquired a +2 hat of stealth
  6161 | D:9      | Noticed Grum
  6168 | D:9      | Reached skill level 5 in Dodging
  6181 | D:9      | Killed Grum
  6499 | D:10     | Entered Level 10 of the Dungeon
  6552 | D:10     | Found Deralod's Antique Armour Boutique.
  6585 | D:10     | Found Pethreqo's Antique Armour Shop.
  6633 | D:10     | Noticed Psyche
  6649 | D:10     | Found a flagged portal.
  6650 | D:10     | Noticed a two-headed ogre
  6654 | D:10     | Killed Psyche
  6657 | D:10     | Killed a two-headed ogre
  6657 | D:10     | Received a gift from Okawaru
  6667 | Bailey   | Entered a bailey
  6785 | Bailey   | Reached skill level 5 in Invocations
  6824 | Bailey   | Noticed an orc knight
  6949 | Bailey   | Killed an orc knight
  6974 | Bailey   | Reached XP level 11. HP: 97/102 MP: 13/13
  6992 | Bailey   | Acquired a manual of Maces & Flails
  7074 | Bailey   | Noticed an orc knight
  7074 | Bailey   | Noticed an orc warlord
  7120 | Bailey   | Killed an orc warlord
  7120 | Bailey   | Received a gift from Okawaru
  7191 | Bailey   | Got Asseja's Grimoire of the Ghastly Mountains
  7198 | Bailey   | Got Kiguskec's Collected Works on Harmful Shape Shifting
  7236 | Bailey   | Killed an orc knight
  7281 | D:10     | Noticed a centaur warrior
  7287 | D:10     | Killed a centaur warrior
  7378 | D:10     | Noticed Urug
  7386 | D:10     | Killed Urug
  7815 | D:4      | Bought a smoking bronze ring for 110 gold pieces
  7815 | D:4      | Identified the ring "Xaameuko" {rF+ rN+ Dex+2 Stlth+} (You
                  | bought it in a shop on level 4 of the Dungeon)
  7815 | D:4      | Bought a scroll labelled SOGYSIA PASCHELEA for 22 gold
                  | pieces
  7955 | D:11     | Reached skill level 15 in Maces & Flails
  8023 | D:11     | Noticed Erolcha
  8030 | D:11     | Killed Erolcha
  8044 | D:11     | Noticed Snorg
  8056 | D:11     | Killed Snorg
  8056 | D:11     | Reached ****** piety under Okawaru
  8123 | D:11     | Noticed an oklob plant
  8126 | D:11     | Found a staircase to the Lair.
  8135 | D:11     | Killed an oklob plant
  8148 | D:11     | Identified the +11 morningstar of Yxunal {freeze, rElec
                  | rPois rF+ Dex+2} (Okawaru gifted it to you on level 11 of
                  | the Dungeon)
  8148 | D:11     | Received a gift from Okawaru
  8149 | D:11     | Noticed Fannar
  8149 | D:11     | Noticed a five-headed hydra
  8151 | D:11     | Noticed a two-headed ogre
  8169 | D:10     | Killed a five-headed hydra
  8234 | D:11     | Noticed a two-headed ogre
  8256 | D:10     | Killed a two-headed ogre
  8318 | D:11     | Killed a two-headed ogre
  8319 | D:11     | Reached XP level 12. HP: 106/113 MP: 14/14
  8364 | D:11     | Killed Fannar
  8876 | D:11     | Identified the +1 pair of gloves of Grace {+Blink Will++
                  | MP+9}
  8948 | D:12     | Noticed a two-headed ogre
  8953 | D:12     | Killed a two-headed ogre
  8954 | D:12     | Reached skill level 10 in Armour
  8954 | D:12     | Received a gift from Okawaru
  8955 | D:12     | Reached skill level 10 in Shields
  9007 | Lair:1   | Entered Level 1 of the Lair of Beasts
  9053 | Lair:1   | Found a gate leading to a gauntlet.
  9074 | Gauntlet | Entered a Gauntlet
  9074 | Gauntlet | Found a transporter.
  9081 | Gauntlet | Found a transporter.
  9083 | Gauntlet | Found a transporter.
  9096 | Gauntlet | Found a transporter.
  9097 | Gauntlet | Found a transporter.
  9105 | Gauntlet | Found a runed translucent door.
  9108 | Gauntlet | Found a transporter.
  9123 | Gauntlet | Found a transporter.
  9130 | Gauntlet | Noticed a ghost crab
  9134 | Gauntlet | Found a transporter.
  9142 | Gauntlet | Noticed a five-headed hydra
  9145 | Gauntlet | Found a transporter.
  9151 | Gauntlet | Found a transporter.
  9169 | Gauntlet | Found a transporter.
  9179 | Gauntlet | Found a runed translucent door.
  9180 | Gauntlet | Found a transporter.
  9180 | Gauntlet | Found a transporter.
  9181 | Gauntlet | Found a runed translucent door.
  9232 | Gauntlet | Found a transporter.
  9389 | Gauntlet | Received a gift from Okawaru
  9394 | Gauntlet | Killed a five-headed hydra
  9395 | Gauntlet | Identified the +0 pair of boots of Paranoia {rElec rF+
                  | Will+++ Str-2}
  9417 | Gauntlet | Reached XP level 13. HP: 130/130 MP: 16/16
  9421 | Gauntlet | Noticed a minotaur
  9429 | Gauntlet | Killed a minotaur
 10566 | Lair:2   | Found a staircase to the Shoals.
 11094 | Lair:2   | Found a runed translucent gate.
 11094 | Lair:2   | Found a runed translucent gate.
 11095 | Lair:2   | Found a runed translucent gate.
 11129 | Lair:2   | Noticed sauken's ghost (journeyman PaCK)
 11285 | Lair:2   | Killed sauken's ghost
 11286 | Lair:2   | Reached XP level 14. HP: 88/138 MP: 17/17
 11588 | D:7      | Killed McGhostyFace's ghost
 11750 | Lair:3   | Received a gift from Okawaru
 12407 | Lair:3   | Reached skill level 10 in Dodging
 12633 | Lair:4   | Found a dark tunnel.
 12646 | Volcano  | Entered a volcano
 12791 | Volcano  | Found a bloodstained altar of Trog.
 12810 | Volcano  | HP: 6/138 [something (20)]
 12810 | Volcano  | Slain by a hell knight

Illustrated notes

Levels and vault maps discovered:
D:1:      dpeg_arrival_snail, layout_basic, grunt_decor_clamped,
          lemuel_flame_loot_1
D:2:      layout_loops_corners, ebering_ecumenical_altar_abandoned,
          minmay_joined_circles
D:3:      layout_loops_corners
D:4:      minmay_bubble_buster, layout_rooms, nemelex_diamond_rough_becter,
          minmay_temple_entry_overgrown, serial_shops,
          nicolae_shop_hallway_plus, uniq_duvessa
D:5:      layout_rooms
D:6:      layout_basic, nrook_mini_backslash, glass_columns_a, minivault_1,
          eino_tiny_chamber, uniq_maggie, uniq_edmund, uniq_grinder,
          uniq_eustachio
D:7:      layout_layer_cave, serial_shops, shop, gammafunk_ghost_split,
          roderic_roman_lattice
D:8:      layout_rooms, serial_aquarium, aquarium_bridge_square
          [aquarium_subvault_window, aquarium_subvault_bridge,
          aquarium_subvault_bridge, aquarium_subvault_window],
          aquarium_window_corridor_3, aquarium_window_corner, aquarium_window_1,
          aquarium_view_4, aquarium_view_2c, hellmonk_guarded_unrand_zhor
D:9:      layout_rooms, uniq_grum
D:10:     layout_roguey, serial_shops, shop, shop, enter_bailey_2, uniq_psyche,
          uniq_urug
D:11:     layout_loops_ring, dpeg_oklobed_lair, uniq_erolcha, uniq_fannar,
          uniq_snorg
D:12:     layout_basic, orc_david_3
Temple:   nicolae_temple_the_god_donut
Lair:1:   layout_regular_city, gauntlet_entry_generic, gammafunk_lair_bear_cave
Lair:2:   layout_small_grid, elwin_shoals_entry_stream,
          gammafunk_ghost_necromancy, nicolae_lair_grove_arrangements
Lair:3:   nzn_winding_woodlands_stair_trap
          [nzn_winding_woodlands_5x15_pathside_ponds,
          nzn_winding_woodlands_5x15_lazy_stream,
          nzn_winding_woodlands_5x15_twine, nzn_winding_woodlands_15x15_eel_pit,
          nzn_winding_woodlands_5x15_river_crossing,
          nzn_winding_woodlands_5x15_default, nzn_winding_woodlands_5x15_pool],
          layout_small_grid, beast_lair_carwin_3
Lair:4:   layout_gridlike, spider_nest_entry_webs, nicolae_volcano_entry_hallway
Volcano:  volcano_grotto [vgs_trial_by_fire]

Skill      XL: |  1  2  3  4  5  6  7  8  9 10 11 12 13 14 |
---------------+-------------------------------------------+-----
Dodging        | 1 2 3 5 8 10 | 10.0
Shields        | 4 5 6 7 8 9 10 | 10.7
Armour         | 4 6 7 8 9 10 12 14 | 14.0
Fighting       | 4 5 6 7 8 10 11 12 16 | 16.6
Maces & Flails | 3 4 5 6 8 10 11 16 | 16.0
Invocations    | 1 3 5 6 |  6.0

Action                   |  1- 3 |  4- 6 |  7- 9 | 10-12 | 13-15 || total
-------------------------+-------+-------+-------+-------+-------++-------
Melee: Flail             |    79 |   133 |   183 |       |       ||   395
       Headbutt          |    15 |    16 |    62 |    96 |    91 ||   280
       Morningstar       |       |       |    56 |   339 |   332 ||   727
Invok: Heroism           |       |       |     3 |     3 |       ||     6
       Finesse           |       |       |       |     1 |       ||     1
  Use: Scroll            |       |     4 |     1 |    18 |     1 ||    24
       Potion            |       |       |     1 |     1 |     1 ||     3
Armor: Scale mail        |    44 |    18 |       |       |       ||    62
       Chain mail        |       |    27 |   146 |    60 |       ||   233
       Plate armour      |       |       |       |    74 |   150 ||   224
Dodge: Dodged            |    48 |    40 |    72 |    97 |   124 ||   381
       Repelled          |       |       |       |       |     2 ||     2
Block: Buckler           |    21 |    22 |     1 |       |       ||    44
       Kite shield       |       |       |   130 |   214 |   244 ||   588

Table legend: (Time is in decaauts)
 A = Elapsed time spent in this place.
 B = Non-inter-level travel time spent in this place.
 C = Inter-level travel time spent in this place.
 D = Time resting spent in this place.
 E = Time spent auto-exploring this place.
 F = Levels seen in this place.
 G = Mean time per level.
                   A        B        C        D        E       F      G
               +--------+--------+--------+--------+--------+-----+--------+
         Total |  12858 |  11838 |   1020 |    301 |   7992 |  20 |  642.9 |
       Dungeon |   8692 |   7906 |    786 |    222 |   5469 |  12 |  724.3 |
        Temple |     12 |     12 |      0 |      0 |      0 |   1 |   12.0 |
          Lair |   3013 |   2780 |    233 |     79 |   2112 |   4 |  753.2 |
        Bailey |    603 |    603 |      0 |      0 |    166 |   1 |  603.0 |
       Volcano |    154 |    154 |      0 |      0 |     15 |   1 |  154.0 |
      Gauntlet |    381 |    381 |      0 |      0 |    230 |   1 |  381.0 |
               +--------+--------+--------+--------+--------+-----+--------+

Top non-repeatable levels by time:
  Lair:2: 1315 daAuts
     D:7: 1089 daAuts
     D:2: 933 daAuts
  Lair:3: 885 daAuts
     D:1: 882 daAuts
    D:11: 850 daAuts
     D:3: 817 daAuts
    D:10: 815 daAuts
  Lair:1: 798 daAuts
     D:4: 778 daAuts
     D:6: 721 daAuts
     D:8: 660 daAuts
     D:5: 626 daAuts
  Bailey: 603 daAuts
     D:9: 426 daAuts
